 Dungeon Crawl Stone Soup version 0.32-a0-893-gf85d74f360 (webtiles) character file.

Game seed: 8248673878227397641

4227 Autsider the Geomancer (level 10, -4/60 HPs)
             Began as a Gargoyle Earth Elementalist on Apr 3, 2024.
             Was an Initiate of Gozag.
             Killed by divine providence
             ... invoked by a meliai
              (12 damage)
             ... on level 8 of the Dungeon.
             The game lasted 00:22:02 (8241 turns).

Autsider the Geomancer (GrEE)                       Turns: 8241, Time: 00:22:03

Health: -4/60      AC: 12    Str: 11    XL:     10   Next: 30%
Magic:  4/18       EV: 12    Int: 27    God:    Gozag
Gold:   401        SH:  0    Dex: 10    Spells: 12/20 levels left

rFire   . . .        j - +3 dagger (venom)
rCold   . . .        (no shield)
rNeg    + . .        a - +1 robe
rPois   ∞            J - +0 helmet
rElec   +            (no cloak)
rCorr   .            p - +0 pair of gloves
SInv    .            (no boots)
Will    .....        (no amulet)
Stlth   ++           H - +6 ring of intelligence
HPRegen 0.30/turn    r - ring of wizardry
MPRegen 0.16/turn

%: wizardry (x1)
@: gold aura
A: sickness immunity, AC +7, negative energy resistance 1, electricity
resistance, torment resistance 1, petrification resistance
a: Renounce Religion, Potion Petition, Call Merchant, Bribe Branch


You were on level 8 of the Dungeon.
You worshipped Gozag.
Gozag was aware of your devotion.
You visited 2 branches of the dungeon, and saw 9 of its levels.
You also visited: Sewer and Ossuary.

You collected 602 gold pieces.
You spent 70 gold pieces at shops.
You paid 131 gold pieces to Gozag.

Inventory:

Hand Weapons
 d - the +3 lajatang of the Dead {elec, rC+}
   (You found it on level 5 of the Dungeon)

   rC+:       It protects you from cold.
 j - a +3 dagger of venom (weapon)
 I - a +0 whip of electrocution
 O - a +3 trident of freezing
Armour
 a - a +1 robe (worn)
 p - a +0 pair of gloves (worn)
 z - an orb of mayhem
 C - +0 ice dragon scales
 J - a +0 helmet (worn)
 K - an orb of energy
 L - a +2 robe of willpower
Magical Staves
 l - a staff of death
 q - a staff of air
 A - a staff of alchemy
Jewellery
 g - a +6 ring of strength
 r - a ring of wizardry (right hand)
 H - a +6 ring of intelligence (left hand)
Wands
 y - a wand of flame (3)
 G - a wand of digging (4)
Scrolls
 b - 2 scrolls of immolation
 f - a scroll of enchant armour
 o - 5 scrolls of fear
 s - 2 scrolls of vulnerability
 v - a scroll of teleportation {@r2}
 D - 2 scrolls of poison
 E - a scroll of brand weapon {unknown}
 F - a scroll of enchant weapon
 M - a scroll of identify {@r1}
Potions
 c - 3 potions of resistance
 e - 2 potions of berserk rage
 h - 2 potions of enlightenment
 i - 2 potions of haste
 k - 10 potions of curing {@q1}
 m - a potion of brilliance
 n - a potion of degeneration {unknown}
 t - a potion of invisibility {unknown}
 u - 2 potions of lignification
 w - 2 potions of attraction {unknown}
 x - 5 potions of heal wounds {@q2}
 B - 2 potions of mutation
 N - a potion of ambrosia {unknown}


   Skills:
 - Level 6.0 Fighting
 + Level 5.3 Dodging
 - Level 2.1 Stealth
 + Level 5.8 Spellcasting
 - Level 6.0 Conjurations
 + Level 3.4 Summonings
 - Level 10.2 Earth Magic


You had 12 spell levels left.
You knew the following spells:

 Your Spells              Type           Power      Damage    Failure   Level
a - Sandblast             Erth           100%       2d20      1%          1
b - Stone Arrow           Conj/Erth      100%       3d13      1%          3
A - Petrify               Alch/Erth      35%        N/A       3%          4

Your spell library contained the following spells:

 Spells                   Type           Power      Damage    Failure   Level
 Kiss of Death            Conj/Necr      96%        2d12      1%          1
 Passwall                 Erth           58%        N/A       1%          3
 Brom's Barrelling Bould  Conj/Erth      51%        2d7       1%          4
 Apportation              Tloc           14%        N/A       2%          1
 Freeze                   Ice            28%        1d5       2%          1
 Hailstorm                Conj/Ice       24%        3d7       2%          3
 Jinxbite                 Hex            14%        N/A       4%          2
 Confusing Touch          Hex            7%         N/A       9%          3
 Frozen Ramparts          Ice            14%        1d3       9%          3
 Dispel Undead            Necr           7%         3d8       26%         4
 Summon Forest            Summ/Tloc      8%         N/A       32%         5
 Alistair's Intoxication  Alch           4%         N/A       56%         5
 Eringya's Noxious Bog    Alch           3%         4d6       98%         6
 Summon Hydra             Summ           13%        N/A       99%         7
 Malign Gateway           Summ/Tloc      8%         N/A       100%        7
 Summon Horrible Things   Summ           13%        N/A       100%        8


Dungeon Overview and Level Annotations

Branches:
Dungeon (8/15)             Temple (1/1) D:7           Sewer (visited)
Ossuary (visited)
   Lair: D:8-11

Altars:
Ashenzari
Cheibriados
Dithmenos
Elyvilon
Fedhas
Gozag
Hepliaklqana
Kikubaaqudgha
Makhleb
Nemelex Xobeh
Okawaru
Qazlal
Ru
Sif Muna
Trog
Uskayaw
Vehumet
Wu Jian
Xom
Yredelemnul
Zin

Shops:
D:3 *

Annotations:
D:5 exclusion: downstairs


Innate Abilities, Weirdness & Mutations

You are immune to sickness and miasma.
Your stone body is resilient. (AC +7)
You are immune to poison.
You resist negative energy. (rN+)
You are resistant to electric shocks. (rElec)
You are resistant to unholy torment.
You are immune to petrification.


Message History

The meliai hits you with a +0 broad axe.
* * * LOW HITPOINT WARNING * * *
The meliai stings you but does no damage.
Things that are here:
a +0 hand axe; a +0 leather armour
Casting: Stone Arrow (safe; 1% risk of failure)
Confirm with . or Enter, or press ? or * to list all spells.
Aiming: Stone Arrow (safe; 1% risk of failure)
Press: ? - help, Shift-Dir - straight line, f - meliai
Aim: a meliai, wielding a +0 broad axe and wearing a +0 leather armour (66% to hit)
The stone arrow misses the meliai.
The killer bee barely misses you. The meliai hits you but does no damage.
The meliai barely misses you.
Casting: Stone Arrow (safe; 1% risk of failure)
Confirm with . or Enter, or press ? or * to list all spells.
Aiming: Stone Arrow (safe; 1% risk of failure)
Press: ? - help, Shift-Dir - straight line, f/p - meliai
Aim: a meliai, wielding a +0 broad axe and wearing a +0 leather armour (66% to hit)
The stone arrow misses the meliai.
The meliai hits you with a +0 broad axe!
* * * LOW HITPOINT WARNING * * *
The meliai stings you but does no damage.
The killer bee closely misses you. x2; The meliai hits you but does no damage.
The meliai stings you but does no damage.
Casting: Stone Arrow (safe; 1% risk of failure)
Confirm with . or Enter, or press ? or * to list all spells.
Aiming: Stone Arrow (safe; 1% risk of failure)
Press: ? - help, Shift-Dir - straight line, f/p - meliai
Aim: a meliai, wielding a +0 broad axe and wearing a +0 leather armour (66% to hit)
The stone arrow hits the meliai!!
The meliai is severely wounded.
The meliai calls down the wrath of its god upon you.
Something smites you!
* * * LOW HITPOINT WARNING * * *
The killer bee misses you.
The killer bee is distracted by your dazzling golden aura.
The killer bee closely misses you.
The meliai calls down the wrath of its god upon you.
Something smites you!
You die...
Your body crumbles into a pile of gold.

# #..# #. #..#
#.###..# ...
..# .....# #
#.#.# #. #..y#
#.#####y#
#...#.@y#
#.#.#.#.#
#.....>.#
####.#### #.#
########## #.#
.........# #.#
########.####.#
#<.....#


You could see a meliai and 2 killer bees.

Vanquished Creatures
  A meliai (D:8)
  Jeremiah (D:7)
  A shadow (D:6)
  A steam dragon (D:7)
  A water moccasin (D:7)
  An orc warrior (D:5)
  An ice beast (D:6)
  A sky beast (D:7)
  3 black bears
  2 centaurs
  An ogre (D:5)
  2 phantoms
  A kobold brigand (D:6)
  3 bullfrogs
  A gnoll sergeant (D:7)
  3 scorpions
  9 wights
  3 howler monkeys (D:7)
  6 electric eels (D:6)
  2 bombardier beetles
  2 hounds
  2 jellies
  2 orc priests (D:6)
  A spectral scorpion (Ossuary)
  A centaur skeleton (Ossuary)
  3 iguanas
  4 orc wizards (D:6)
  A crocodile zombie (Ossuary)
  10 mummies (Ossuary)
  10 gnolls
  7 adders
  6 river rats (Sewer)
  4 ufetubi
  3 dart slugs
  2 ribbon worms
  21 orcs
  8 endoplasms
  5 giant cockroaches
  3 goblins
  2 hobgoblins (D:4)
  4 jackals (D:4)
  6 kobolds
  2 quokkas
  15 ball pythons
  4 bats (D:2)
  7 frilled lizards
  A gnoll skeleton (Ossuary)
  2 kobold skeletons (Ossuary)
  4 orc skeletons (Ossuary)
  22 rats
  10 spectral rats (Ossuary)
218 creatures vanquished.

Notes
Turn   | Place    | Note
-------+----------+-------------------------------------------
     0 | D:1      | Autsider the Gargoyle Earth Elementalist began the quest
                  | for the Orb.
     0 | D:1      | Reached XP level 1. HP: 10/10 MP: 3/3
   294 | D:1      | Reached skill level 4 in Earth Magic
   326 | D:1      | Reached XP level 2. HP: 15/15 MP: 1/5
   948 | D:2      | Noticed a black bear
   959 | D:2      | Killed a black bear
   960 | D:2      | Reached skill level 5 in Earth Magic
   960 | D:2      | Reached XP level 3. HP: 17/19 MP: 2/6
   960 | D:2      | Reached XP level 4. HP: 21/24 MP: 2/7
   964 | D:2      | Learned a level 3 spell: Stone Arrow
  1517 | D:3      | Reached XP level 5. HP: 28/28 MP: 6/8
  1706 | D:3      | Found Cirix's General Store.
  1714 | D:3      | Bought a potion of curing for 30 gold pieces
  1714 | D:3      | Bought a scroll of identify for 20 gold pieces
  1714 | D:3      | Bought a scroll of identify for 20 gold pieces
  1832 | D:3      | Found a faded altar of an unknown god.
  1889 | D:3      | Reached skill level 6 in Earth Magic
  2071 | D:3      | Found a shimmering altar of Xom.
  2233 | D:4      | Reached skill level 1 in Fighting
  2233 | D:4      | Reached XP level 6. HP: 30/34 MP: 5/9
  2456 | D:4      | Found a glowing drain.
  2462 | Sewer    | Entered a sewer
  2992 | Sewer    | Reached skill level 7 in Earth Magic
  2992 | Sewer    | Reached XP level 7. HP: 4/39 MP: 4/10
  3744 | D:5      | Entered Level 5 of the Dungeon
  3812 | D:5      | Identified the +3 lajatang of the Dead {elec, rC+}
  3920 | D:5      | Found a sand-covered staircase.
  3991 | Ossuary  | Entered an ossuary
  4270 | Ossuary  | Found a basalt altar of Yredelemnul.
  4425 | Ossuary  | Reached skill level 8 in Earth Magic
  4425 | Ossuary  | Reached XP level 8. HP: 39/45 MP: 8/12
  4946 | D:5      | Reached skill level 5 in Conjurations
  4973 | D:5      | Reached skill level 9 in Earth Magic
  5278 | D:5      | Found a burning altar of Makhleb.
  5359 | D:5      | Found a bloodstained altar of Trog.
  5745 | D:6      | Found a shimmering blue altar of Sif Muna.
  5856 | D:5      | Reached XP level 9. HP: 38/52 MP: 7/15
  6485 | D:6      | Reached skill level 10 in Earth Magic
  6919 | D:6      | Learned a level 4 spell: Petrify
  6937 | D:7      | Found a staircase to the Ecumenical Temple.
  6975 | D:7      | Reached skill level 5 in Fighting
  6996 | D:7      | Reached skill level 1 in Summonings
  7075 | Temple   | Entered the Ecumenical Temple
  7148 | Temple   | Became a worshipper of Gozag Ym Sagoz the Greedy
  7318 | D:7      | Noticed Jeremiah
  7425 | D:7      | Killed Jeremiah
  7426 | D:7      | Reached skill level 5 in Spellcasting
  7573 | D:7      | Reached XP level 10. HP: 60/60 MP: 14/17
  7778 | D:7      | Reached skill level 5 in Dodging
  8230 | D:8      | Noticed a meliai
  8230 | D:8      | Noticed a meliai
  8233 | D:8      | Killed a meliai
  8241 | D:8      | Killed from afar by a meliai

Illustrated notes

Levels and vault maps discovered:
D:1:      lightli_arrival_statue_moat, layout_basic
D:2:      layout_basic
D:3:      layout_loops_ring, brannock_xom_greatest_gift,
          hellmonk_ecumenical_altar_crossroads, serial_shops, nicolae_shop_stone
D:4:      layout_rooms, gup_sewer_entry_bowl
D:5:      layout_loops_ring, amcnicky_altar_gilded,
          nicolae_overflow_hidden_temple, nicolae_ossuary_entry_monument,
          minmay_increasing_density
D:6:      cheibrodos_two_vegetables, layout_loops_ring, led_sif_book
D:7:      layout_loops_ring, minmay_temple_entry_large_hall, uniq_jeremiah
D:8:      layout_loops_cross
Temple:   minmay_temple_bridge_d

Skill      XL: |  1  2  3  4  5  6  7  8  9 10 |
---------------+-------------------------------+-----
Earth Magic    | 4 5 6 7 8 9 10 | 10.2
Conjurations   | 2 3 4 5 6 |  6.0
Fighting       | 1 2 4 5 6 |  6.0
Dodging        | 2 3 4 5 |  5.3
Spellcasting   | 3 4 5 |  5.8
Summonings     | 2 3 |  3.4
Stealth        | |  2.1

Action                     |  1- 3 |  4- 6 |  7- 9 | 10-12 || total
---------------------------+-------+-------+-------+-------++-------
  Melee: Club              |     3 |       |       |       ||     3
         Dagger            |     3 |    83 |    15 |     4 ||   105
   Cast: Sandblast         |    15 |    82 |   221 |    23 ||   341
         Stone Arrow       |       |       |     5 |     5 ||    10
    Use: Scroll            |       |     2 |    16 |       ||    18
         Potion            |       |     1 |     3 |       ||     4
   Stab: Sleeping          |       |     2 |       |       ||     2
 Armour: Robe              |     8 |   127 |   112 |    25 ||   272
  Dodge: Dodged            |     6 |    77 |    73 |    13 ||   169

Table legend: (Time is in decaauts)
 A = Elapsed time spent in this place.
 B = Non-inter-level travel time spent in this place.
 C = Inter-level travel time spent in this place.
 D = Time resting spent in this place.
 E = Time spent auto-exploring this place.
 F = Levels seen in this place.
 G = Mean time per level.
                   A        B        C        D        E       F      G
               +--------+--------+--------+--------+--------+-----+--------+
         Total |   8475 |   8026 |    449 |    620 |   5801 |  11 |  770.5 |
       Dungeon |   6862 |   6558 |    304 |    337 |   5119 |   8 |  857.8 |
        Temple |    148 |      3 |    145 |      0 |      0 |   1 |  148.0 |
         Sewer |    744 |    744 |      0 |    108 |    420 |   1 |  744.0 |
       Ossuary |    719 |    719 |      0 |    175 |    262 |   1 |  719.0 |
               +--------+--------+--------+--------+--------+-----+--------+

Top non-repeatable levels by time:
     D:6: 1393 daAuts
     D:5: 1163 daAuts
     D:7: 1151 daAuts
     D:1: 921 daAuts
     D:4: 886 daAuts
   Sewer: 744 daAuts
 Ossuary: 719 daAuts
     D:3: 719 daAuts
     D:2: 598 daAuts
  Temple: 148 daAuts
     D:8: 28 daAuts
